[Event "French-ch U12-U14 2024"]
[Site "Agen"]
[Date "2024.04.19"]
[Round "7.16"]
[White "Laignel, Quentin"]
[Black "Rodriguez, Augustin"]
[Result "1/2-1/2"]
[ECO "D37"]
[WhiteElo "2023"]
[BlackElo "2001"]
[Annotator "TA"]
[PlyCount "95"]
[EventDate "2024.04.14"]
[EventType "swiss"]
[EventCountry "FRA"]
[SourceTitle "playchess.com"]
[Source "ChessBase"]
[SourceQuality "1"]
[TimeControl "5400+30"]

1. d4 d5 2. Nf3 Nf6 3. c4 e6 4. Nc3 a6 5. cxd5 exd5 6. Bg5 Be6 7. e3 Nbd7 8. Bd3 {[%emt 0:03:23] White has an edge.} Bd6 9. O-O c6 10. h3 h6 11. Bf4 Qc7 12. Qd2 O-O 13. Rac1 Rac8 14. a4 Rfd8 15. b4 Nb6 16. a5 Nc4 17. Bxd6 (17. Bxc4 $1 $16 {Black must now prevent Bd3.} Bxf4 18. Bd3 (18. Bxa6 Ne4 $14)) 17... Nxd6 18. Qc2 Qe7 19. Ne5 Nde4 20. Bxe4 Nxe4 21. Nxe4 dxe4 22. Qxe4 Qxb4 23. Rb1 (23. Rc5 {is interesting.} Rd5 24. Rb1 Qa4 25. Rxd5 Bxd5 26. Qg4) 23... Qe7 24. Nd3 Qf6 (24... Qg5 $1 $11 25. Qf4 (25. Rxb7 $2 Bf5 $19) 25... Bf5 26. Qxg5 hxg5) 25. Qe5 (25. Rxb7 $2 Bf5 26. Qf3 Bxd3 $19) (25. Rfd1 $16) 25... Qxe5 $11 26. Nxe5 Rc7 27. Rfc1 f6 28. Nf3 Rd5 29. Ra1 Rb5 30. Nd2 f5 {[%emt 0:02:41] Dodges Ne4} 31. Nb1 Rb4 32. Nc3 Kf7 33. Na4 Ke7 34. Nc5 Bc4 35. Rab1 (35. f3 {feels hotter.} Kd6 36. Rab1 Rb5 37. g4) 35... Rxb1 (35... Rb5 $14) 36. Rxb1 $14 {[%emt 0:00:11][%mdl 4096] Endgame. KRB-KRN} Bb5 37. Kh2 {[%emt 0:00:31] White is more active.} (37. g4 $142 g6 38. gxf5 gxf5 39. Kg2) 37... Kd6 $16 38. Kg3 g5 39. h4 Kd5 40. Kf3 Re7 41. hxg5 hxg5 42. Rh1 Kc4 43. Rh5 $2 {[%emt 0:01:59] [#]} (43. g4 $14 {keeps the upper hand.} f4 44. Rc1+ (44. exf4 Kxd4 45. Nb3+ Kc3 $15) 44... Kb4 45. exf4 Be2+ 46. Kg3 gxf4+ 47. Kxf4) 43... Rg7 $2 {[%emt 0:00:46] [#]} (43... Kb4 $1 $17 {[%cal Rb4a5] keeps the pressure on.} 44. g4 (44. Rxg5 Kxa5 45. Rxf5 Kb4 $17) 44... fxg4+ (44... Kxa5 45. gxf5 Kb4 46. e4 $18) 45. Kxg4 Be2+ (45... Kxa5 46. Kxg5 Rf7 47. f4 $14) 46. f3 Rxe3 (46... Kxa5 47. Rxg5 Kb4 48. Kf5 $19) 47. Kxg5 Kxa5 (47... Rxf3 48. Nxb7 Rg3+ 49. Kf4 $15) (47... Bxf3 48. Rh7 $15) 48. Nxb7+ Kb6) 44. Ne6 (44. g4 $1 $16 Rf7 45. Rxg5 fxg4+ 46. Kxg4) 44... Rg6 (44... Re7 $1 $11 45. Nxg5 Kb4) 45. Nxg5 {[%emt 0:02:56] Strongly threatening Kf4.} Kb4 46. Kf4 Bd3 $2 (46... Rg8 $14) 47. Rh7 $18 Kxa5 48. Rxb7 {[%emt 0:00:00] Weighted Error Value: White=0.20 (precise) /Black=0.30.  Loses game:     	---       	Black=1      Mistake:       	White=5     	Black=4      Inaccurate:     	White=3     	Black=5      OK:         	White=14    	Black=18     Best:        	White=4     	Black=2} 1/2-1/2

[Event "French-ch U12-U14 2024"]
[Site "Agen"]
[Date "2024.04.19"]
[Round "7.17"]
[White "Breuil, Virgile"]
[Black "Bonelli Maestracci, Pierre Joseph"]
[Result "0-1"]
[ECO "C45"]
[WhiteElo "2307"]
[BlackElo "2044"]
[Annotator "TA"]
[PlyCount "188"]
[EventDate "2024.04.14"]
[EventType "swiss"]
[EventCountry "FRA"]
[SourceTitle "playchess.com"]
[Source "ChessBase"]
[SourceQuality "1"]
[TimeControl "5400+30"]

1. e4 e5 2. Nf3 Nc6 3. d4 exd4 4. Nxd4 Bc5 5. Be3 Qf6 6. c3 Nge7 7. Bc4 d5 {[%emt 0:00:14] 7...b6 is setting a new trend. C45: Scotch Game.} 8. exd5 Ne5 9. Nd2 Qg6 $146 ({Predecessor:} 9... O-O 10. Ne4 Qg6 11. Bd3 Qxg2 12. Kd2 Bxd4 13. Bxd4 Bg4 14. Rg1 Nf3+ 15. Kc2 Nxd4+ 16. cxd4 Bxd1+ 17. Raxd1 {0-1 Ilichev,I (1114)-Gelemerov,Y (2026) Sofia MGU op 173rd 2016 (5)}) 10. N2f3 Bxd4 11. Bb5+ c6 12. dxc6 bxc6 13. Qxd4 Nxf3+ 14. gxf3 cxb5 15. O-O-O O-O 16. Rhg1 Nf5 17. Qe4 Qe6 18. Bc5 Qh6+ 19. f4 Be6 20. Bxf8 Rxf8 21. Rd2 Qf6 22. a3 h6 23. Rgd1 Kh7 24. Re1 a5 25. Qe5 Qh4 26. Qxb5 Qxf4 27. Qe5 Qc4 28. Qe4 Qa2 29. Qb1 Qb3 30. Qc2 Qa2 31. Qb1 Qb3 32. Qc2 Qa2 33. Re5 g6 34. Qb1 Qc4 35. Qe4 Qf1+ 36. Qe1 Qc4 37. Qe2 Qa2 38. Qe4 Re8 39. Qb1 Qxb1+ 40. Kxb1 Ba2+ 41. Kxa2 Rxe5 42. Kb3 Re4 43. c4 Kg7 44. Ka4 Rxc4+ 45. Kxa5 Kf6 46. b4 Ke6 47. Kb5 Rc8 48. Ka4 Nd6 49. Kb3 Kd7 50. a4 Rc1 51. b5 Kc7 52. Kb2 Rc5 53. Kb3 h5 54. Kb4 Rc1 55. Re2 Kd7 56. Rb2 (56. Ra2 $142) 56... Kc7 57. Re2 $1 Rc4+ 58. Kb3 Rh4 59. Rc2+ Kb7 (59... Kb8 $142 60. Rc6 Nb7) 60. Rd2 (60. Rc6 $142 Rd4 61. a5) 60... Ne4 61. Rd7+ $2 (61. Rd4) 61... Kb6 $19 62. Rxf7 Nc5+ ({And not} 62... Rxh2 63. Kb4 Nxf2 64. a5#) 63. Kc2 Nxa4 64. Rf6+ Kxb5 65. Rxg6 Rxh2 66. Kd3 Rxf2 67. Ke3 Rf5 68. Ke4 Rc5 69. Kf4 Nc3 70. Kg3 Kc4 (70... Rf5 $142 71. Re6 Nd5) 71. Kh4 $19 Nd5 $1 72. Rg1 Nf6 $1 73. Rf1 Rc6 $1 74. Rd1 Re6 75. Kg5 Kc5 76. Kf5 $2 (76. Kg6 {was necessary.}) 76... Rd6 $19 77. Rc1+ Kb6 (77... Kd5 $142 78. Rd1+ Kc6 79. Rc1+ Kd7) 78. Ra1 $2 (78. Kg5 {was called for.}) 78... Kc7 (78... Ne8 $142 79. Ke4 Rf6) 79. Ra7+ Kd8 80. Kg5 Ke8 81. Rb7 Kf8 82. Ra7 Ke8 83. Rb7 $1 Rd7 $2 (83... Rc6 $19 {is more deadly. Hoping for ...Re6.} 84. Ra7 Kf8) 84. Rb6 $17 Rf7 85. Kg6 Rf8 86. Kg7 $2 (86. Rb8+ $17 Ke7 87. Rb7+ Nd7 88. Kxh5) 86... Ke7 $1 $19 87. Rb7+ Nd7 88. Rb5 {[%emt 0:00:21] [#]} h4 $1 89. Rb4 h3 90. Re4+ Kd6 91. Rd4+ Ke6 92. Re4+ {[%emt 0:00:20] [#]} Kd5 $1 93. Re3 h2 94. Re7 Rf1 0-1

[Event "French-ch U12-U14 2024"]
[Site "Agen"]
[Date "2024.04.19"]
[Round "7.18"]
[White "Pon Le Brun, Gregoire"]
[Black "Auribault, Louis"]
[Result "1-0"]
[ECO "C70"]
[WhiteElo "1900"]
[BlackElo "2137"]
[Annotator "TA"]
[PlyCount "121"]
[EventDate "2024.04.14"]
[EventType "swiss"]
[EventCountry "FRA"]
[SourceTitle "playchess.com"]
[Source "ChessBase"]
[SourceQuality "1"]
[TimeControl "5400+30"]

1. e4 e5 2. Nf3 Nc6 3. Bb5 a6 4. Ba4 Bc5 5. O-O Nge7 6. Nxe5 Nxe5 7. d4 b5 8. Bb3 Bxd4 9. Qxd4 d6 10. c3 (10. f4 $5 c5 $8 11. Qd2 $14 (11. Qc3 $16)) 10... c5 11. Qd1 O-O 12. f4 Ng4 13. Qf3 c4 14. Bc2 Qb6+ 15. Kh1 f5 16. h3 Nf6 17. Be3 Qc7 18. Nd2 Bb7 19. Bd4 Rae8 20. Bxf6 Rxf6 21. Rae1 Qc8 22. Qf2 Ref8 23. e5 (23. exf5 $14 Nxf5 24. Ne4 Bxe4 25. Bxe4 (25. Rxe4 Qd7 $14)) 23... dxe5 $11 24. Rxe5 Ng6 25. Re2 Rd8 26. Qg3 Qc7 27. Kh2 Rf7 28. Rff2 Rff8 29. Nf1 Ne7 30. Nd2 Rd6 31. Qe3 Ng6 32. Nf3 Qd8 33. Nd4 Qd7 34. Re1 Bd5 35. Ree2 (35. Rfe2 $16) 35... Rdf6 (35... Bb7 $1 $11) 36. Re1 (36. Qd2 $14) 36... Qb7 (36... Rd6 $1 $11) 37. Qg3 Ne7 (37... Qb8 $14) 38. Qe3 ({Better is} 38. Re5 $16) 38... Nc6 (38... Ng6 $1 $11) 39. Nxc6 (39. Rd2 $14 Nxd4 40. Qxd4) 39... Qxc6 $11 40. Qa7 Rg6 41. Ree2 h5 42. Qe7 Rgf6 (42... Re6 {simplifies} 43. Rxe6 Qxe6 44. Re2 Qxe7 45. Rxe7 h4) 43. Re5 h4 (43... Re6 $11 {keeps the balance.} 44. Rxe6 Qxe6) 44. Rd2 (44. Rfe2 {simplifies} Bf7 45. Bxf5 Qd6 46. Qxd6 Rxd6 47. Kg1) 44... Bf7 $2 ({Black should play} 44... Be4 $1 $14) 45. Rd8 $18 (45. Rxf5 Qe8 46. Qe5 Qxe5 47. fxe5 Rxf5 48. Bxf5 Re8 $16) 45... Bh5 $2 (45... Rxd8 46. Qxd8+ Kh7 47. Rxf5 (47. Bxf5+ Bg6 $18) 47... Rxf5) 46. Rxf8+ $2 (46. Rxf5 Rxd8 47. Qxd8+ Qe8 $18) (46. Rc5 Qb6 47. Rc7 Qxc7 48. Rxf8+ (48. Qxc7 Rxd8 49. Qxd8+ Kh7 $18) 48... Rxf8 49. Qxc7) 46... Rxf8 $18 47. Rxf5 (47. Bxf5 Qf6 48. Qxf6 Rxf6 $16) 47... Re8 48. Qg5 (48. Qxh4 $18 Bg6 49. Rc5 Qxc5 50. Bxg6) 48... g6 $2 (48... Bf7 $16 49. Re5 (49. Qxh4 Re2 $14) 49... Rxe5 50. fxe5 Qc7) 49. Re5 $2 (49. Rf6 Re6 50. Bxg6 Rxf6 51. Be4+ (51. Bxh5+ Kf8 $11) 51... Kf8 52. Bxc6 Rxc6 53. Qxh5) 49... Rf8 $2 (49... Rxe5 $18 50. Qxe5 Qd7) 50. Be4 Qc7 51. Bxg6 Bxg6 52. Qxg6+ Qg7 53. Qe6+ Qf7 54. Rg5+ (54. Qxa6 $2 {loses.} Qxf4+ 55. Kg1 Qxe5 $19) (54. Qg4+ $142 Qg7 55. Rg5 (55. Qxh4 Rf6 $18)) 54... Kh7 $18 55. Qe4+ (55. Qxa6 $2 {perishes.} Qxf4+ 56. Kh1 Qc1+ (56... Qxg5 $2 57. Qa7+ Kg8 58. Kg1 $19) 57. Kh2 Qxg5 $19) 55... Kh6 56. Rg4 Qf6 57. Qe1 Rd8 58. Rxh4+ Kg7 59. Rg4+ Kf7 60. Qe4 Re8 61. Qh7+ 1-0

[Event "French-ch U12-U14 2024"]
[Site "Agen"]
[Date "2024.04.19"]
[Round "7.20"]
[White "Negre, Emilie"]
[Black "Charlier, Antoine"]
[Result "1-0"]
[ECO "C55"]
[WhiteElo "1922"]
[BlackElo "2053"]
[Annotator "TA"]
[PlyCount "104"]
[EventDate "2024.04.14"]
[EventType "swiss"]
[EventCountry "FRA"]
[SourceTitle "playchess.com"]
[Source "ChessBase"]
[SourceQuality "1"]
[TimeControl "5400+30"]

1. e4 e5 2. Nf3 Nc6 3. Bc4 Nf6 4. d3 h6 5. c3 d6 6. a4 g6 7. Nbd2 Bg7 8. O-O {[%emt 0:03:58] White is slightly better.} O-O 9. Re1 Kh7 10. Nf1 Nh5 11. h4 {[%emt 0:25:36] White is more active.} (11. h3 $14) 11... Ne7 12. Bb3 f5 13. exf5 (13. a5 $11) 13... Nxf5 $15 (13... gxf5 14. Nxe5 dxe5 15. Qxh5 $16) 14. g3 Bd7 15. Bd5 c6 16. Be4 Nf6 (16... Qf6 $17 17. N3h2 d5) 17. N3h2 Kh8 18. Bg2 Qc7 19. Ne3 Nxe3 20. Bxe3 Nd5 21. Bd2 Qb6 22. Qe2 Rf7 23. a5 Qc7 24. Ng4 h5 25. Nh2 Raf8 26. Rf1 a6 27. b4 Bf5 28. Rac1 Qd7 29. c4 Nc7 30. Bc3 Bh3 31. Qd2 Bxg2 32. Kxg2 Kh7 {[%emt 0:00:11] Threatens to win with ...Bh6.} 33. Rce1 Ne6 34. Qb2 Kg8 35. Qe2 Rf5 36. Qd2 Kh7 37. Qe2 R8f7 (37... Qf7 $17) 38. Qd2 (38. f4 $15) 38... d5 39. Qb2 {[%emt 0:00:42] [#]} (39. Qe2 $17) 39... d4 $2 (39... g5 $1 $19 40. Bxe5 gxh4) 40. Bd2 Qe8 41. Bc1 Qd7 42. Re2 Qd6 43. Rfe1 Bf8 (43... Qc7 $15) 44. Bd2 ({White should play} 44. f4 $14) 44... Be7 45. Kg1 (45. f4 $11 Bxh4 46. gxh4 Rxf4 47. Bc1 (47. Bxf4 Nxf4+ 48. Kg1 Nxd3 $11) (47. Rxe5 Rf2+ 48. Kg1 Rxh2 $17)) 45... g5 $1 46. hxg5 Bxg5 47. Bxg5 (47. Rf1 $17) 47... Nxg5 $19 48. Kg2 (48. Kh1 $142) 48... Qf6 (48... h4 $142 49. Rg1 hxg3 50. fxg3 Qh6) 49. Rh1 $2 {[%emt 0:00:36] [#]} (49. Qd2) 49... e4 $4 50. Ng4 $2 (50. dxe4 $18 {[%cal Oh2g4] Ng4! would now be deadly.} d3 51. exf5 dxe2 52. Qxe2 Qxf5 53. Ng4 (53. Qxh5+ Kg7 $18)) 50... Qd6 $2 (50... Qg6 $11 51. dxe4 (51. Qxd4 c5 $11) 51... Rf3) 51. Rxh5+ $18 Kg7 52. dxe4 Ne6 {[%emt 0:00:53] Weighted Error Value: White=0.44/Black=0.39.  Loses game:     	---       	Black=1      Missed win:     	White=1     	Black=2      Mistake:       	White=9     	Black=4      Inaccurate:     	White=9     	Black=5      OK:         	White=7     	Black=11     Best:        	White=2     	---        Strong:       	---       	Black=1} 1-0

[Event "French-ch U12-U14 2024"]
[Site "Agen"]
[Date "2024.04.20"]
[Round "8.1"]
[White "Alcantara, Levanah"]
[Black "Manouvel, Maelys"]
[Result "1/2-1/2"]
[ECO "D35"]
[WhiteElo "1756"]
[BlackElo "1541"]
[Annotator "NA RC COMBH"]
[PlyCount "74"]
[EventDate "2024.04.14"]
[EventType "swiss"]
[EventCountry "FRA"]
[SourceTitle "playchess.com"]
[Source "ChessBase"]
[SourceQuality "1"]
[TimeControl "5400+30"]

1. d4 Nf6 2. Nf3 d5 3. c4 c6 4. Nc3 e6 5. Bg5 Be7 6. e3 O-O 7. Bd3 Nbd7 8. cxd5 exd5 9. O-O Ne4 10. Bxe7 Qxe7 11. Qc2 Ndf6 12. Rab1 Re8 13. b4 Bd7 14. b5 Nxc3 15. Qxc3 cxb5 16. Bxb5 Bxb5 17. Rxb5 Rec8 18. Qb2 Rc7 19. Rb1 Rac8 20. h3 b6 21. Rb3 Ne4 22. Ne1 Rc6 23. Nd3 Rc2 24. Qa3 Qf6 25. R3b2 Nxf2 26. Rxc2 Rxc2 27. Rc1 Rxc1+ 28. Qxc1 Nxh3+ 29. Kh1 h6 30. gxh3 Qf3+ 31. Kg1 Qg3+ 32. Kh1 Qxh3+ 33. Kg1 Qg4+ 34. Kf1 Qh3+ 35. Kg1 Qg3+ 36. Kh1 Qg4 37. Qd1 Qg3 1/2-1/2

[Event "French-ch U12-U14 2024"]
[Site "Agen"]
[Date "2024.04.20"]
[Round "8.2"]
[White "Duchatel, Cyrielle"]
[Black "Benhadid, Jeilynn"]
[Result "0-1"]
[ECO "B31"]
[WhiteElo "1646"]
[BlackElo "1844"]
[Annotator "NA RC COMBH"]
[PlyCount "105"]
[EventDate "2024.04.14"]
[EventType "swiss"]
[EventCountry "FRA"]
[SourceTitle "playchess.com"]
[Source "ChessBase"]
[SourceQuality "1"]
[TimeControl "5400+30"]

1. e4 c5 2. Nf3 Nc6 3. Bb5 g6 4. O-O Bg7 5. c3 e5 6. Re1 Nge7 7. d3 O-O 8. Be3 Qb6 9. Bxc6 Nxc6 10. Qc2 d6 11. Nbd2 Qd8 12. Nb3 h6 13. d4 cxd4 14. cxd4 Bd7 15. Qd2 Kh7 16. Rad1 Bg4 17. Qe2 Qf6 18. d5 Ne7 19. Nbd2 Ng8 20. h3 Bd7 21. g4 Qe7 22. Kh2 f5 23. gxf5 gxf5 24. exf5 Bxf5 25. Rg1 e4 26. Nd4 Qe5+ 27. Rg3 Qxd5 28. Nxf5 Qxf5 29. Nc4 d5 30. Nd6 Qe6 31. Qg4 Qxg4 32. Rxg4 Be5+ 33. Kh1 Bxd6 34. Rxd5 Rad8 35. Bd4 Nf6 36. Bxf6 Rxf6 37. Rxe4 Kg7 38. Kg2 Kf7 39. f4 Rc8 40. Red4 Ke7 41. Kf3 Rc2 42. Rd2 Rxf4+ 43. Ke3 Rxd2 44. Rxd2 Rh4 45. Kd3 Rxh3+ 46. Kc4 Rh2 47. Rxh2 Bxh2 48. b4 Bc7 49. Kd5 h5 50. Ke4 h4 51. Kf3 h3 52. a4 Ke6 53. Ke4 0-1

[Event "French-ch U12-U14 2024"]
[Site "Agen"]
[Date "2024.04.20"]
[Round "8.4"]
[White "Anseeuw, Emma"]
[Black "Nikolaeva, Polina"]
[Result "1-0"]
[ECO "D20"]
[WhiteElo "1667"]
[BlackElo "1572"]
[Annotator "NA RC COMBH"]
[PlyCount "91"]
[EventDate "2024.04.14"]
[EventType "swiss"]
[EventCountry "FRA"]
[SourceTitle "playchess.com"]
[Source "ChessBase"]
[SourceQuality "1"]
[TimeControl "5400+30"]

1. d4 d5 2. c4 dxc4 3. e4 Nc6 4. Be3 e6 5. a3 Nf6 6. Nc3 Be7 7. Bxc4 O-O 8. h3 e5 9. d5 Nb8 10. Nf3 Bd6 11. Qc2 a6 12. Rd1 Nbd7 13. b4 b5 14. Bb3 Bb7 15. O-O Re8 16. Rfe1 Rb8 17. Ne2 Rc8 18. Qd3 Qe7 19. Ng3 Nf8 20. Nf5 Qd8 21. Bc5 Bxc5 22. bxc5 h6 23. Qc3 Ng6 24. Qb4 Rb8 25. Re2 Ba8 26. Ba2 c6 27. d6 Rf8 28. Qc3 Nd7 29. Red2 Rb7 30. g3 Re8 31. N5h4 Nxh4 32. Nxh4 Ra7 33. Qf3 Qf6 34. Nf5 Rf8 35. Ne7+ Kh7 36. Qxf6 gxf6 37. Rc1 Kg7 38. f4 exf4 39. gxf4 Bb7 40. Rg2+ Kh8 41. Rc3 Raa8 42. Nf5 Bc8 43. Nxh6 Kh7 44. Nxf7 Ra7 45. Rcg3 Nxc5 46. Rg7# 1-0

[Event "French-ch U12-U14 2024"]
[Site "Agen"]
[Date "2024.04.20"]
[Round "8.7"]
[White "Briquet, Tom"]
[Black "Lequang, Enzo"]
[Result "1-0"]
[ECO "B35"]
[WhiteElo "1809"]
[BlackElo "1807"]
[Annotator "NA RC COMBH"]
[PlyCount "109"]
[EventDate "2024.04.14"]
[EventType "swiss"]
[EventCountry "FRA"]
[SourceTitle "playchess.com"]
[Source "ChessBase"]
[SourceQuality "1"]
[TimeControl "5400+30"]

1. e4 c5 2. Nf3 Nc6 3. d4 cxd4 4. Nxd4 g6 5. Nc3 Bg7 6. Be3 Nf6 7. Bc4 Qa5 8. O-O O-O 9. Bb3 d6 10. h3 Bd7 11. Re1 a6 12. f4 Rfe8 13. Qd3 Rac8 14. a3 Qc7 15. Rad1 Na5 16. Bd5 Red8 17. g4 Bc6 18. Nxc6 Nxc6 19. Re2 Na5 20. Red2 Nd7 21. Bd4 Nc6 22. Bxg7 Kxg7 23. Bxc6 bxc6 24. Qd4+ Kg8 25. Kg2 Rb8 26. b3 Nc5 27. b4 Ne6 28. Qe3 a5 29. f5 Nf8 30. b5 Nd7 31. bxc6 Qxc6 32. Nd5 Re8 33. fxg6 hxg6 34. g5 Ne5 35. Qf4 Rb2 36. Qf2 Ra2 37. h4 Qc4 38. Re1 Rxa3 39. h5 gxh5 40. Qe2 Qxe2+ 41. Rexe2 Ng6 42. Rd3 Rxd3 43. cxd3 Kg7 44. Ra2 Ra8 45. Kg3 Kf8 46. Ra3 Ra7 47. Nc3 h4+ 48. Kh2 Ne5 49. Nb5 Ra6 50. Nc7 Rc6 51. Nd5 e6 52. Nf6 Ra6 53. d4 Nc6 54. Rc3 Nxd4 55. Rc8+ 1-0

[Event "French-ch U12-U14 2024"]
[Site "Agen"]
[Date "2024.04.20"]
[Round "8.9"]
[White "Landolsi, Iyad"]
[Black "Sagi, Elisha"]
[Result "1-0"]
[ECO "B40"]
[WhiteElo "1970"]
[BlackElo "1896"]
[Annotator "TA"]
[PlyCount "79"]
[EventDate "2024.04.14"]
[EventType "swiss"]
[EventCountry "FRA"]
[SourceTitle "playchess.com"]
[Source "ChessBase"]
[SourceQuality "1"]
[TimeControl "5400+30"]

1. e4 c5 2. Nf3 e6 3. g3 b6 4. Bg2 Bb7 5. d4 cxd4 6. Nxd4 Nf6 7. Nd2 a6 8. O-O {[%emt 0:02:28] White has an edge.} d6 9. a4 Qc7 10. c3 (10. Ra3 $14) 10... Be7 $11 11. Qe2 Nbd7 12. Re1 Rc8 13. N2b3 Nc5 14. Nxc5 dxc5 (14... bxc5 $11 15. Nc2 O-O) 15. Nc2 e5 (15... O-O $11) 16. Bg5 Ng8 17. Bxe7 Nxe7 18. Ne3 c4 $2 (18... O-O $14) 19. Nd5 (19. Bh3 $18) 19... Qd6 20. Rad1 {[%emt 0:05:19] Bh3 is the strong threat. White is more active.} O-O {[%emt 0:01:55] [#]} 21. Bh3 $1 {[%emt 0:04:46] Black must now prevent Nxe7+.} f5 22. Nxe7+ Qxe7 23. exf5 Rc5 24. Qe3 (24. f4 $18) 24... Qe8 (24... Qf6 $16 {was called for.}) 25. Rd6 $18 Rc6 26. Red1 (26. Qxe5 $2 Qxe5 27. Rxe5 Rxd6 $19) 26... h6 (26... Qh5 $142 27. g4 Qh4) 27. Bg2 (27. Rd7 Bc8) (27. f6 $142 {Threatens to win with fxg7.} Rxd6 28. Rxd6 Rxf6 29. Rxf6 (29. Qxb6 Rxd6 30. Qxd6 Kh8 $18) (29. Rxb6 Qf7 $18) 29... gxf6 30. Qxb6 (30. Qxh6 Qc6 $18)) 27... Rxd6 28. Rxd6 Bxg2 29. Kxg2 {[%emt 0:00:03] Hoping for Qe4.} Rxf5 30. Rxb6 {[%emt 0:01:22] Strongly threatening Qe4.} Qxa4 {[%emt 0:06:37][%mdl 4096] Endgame. KQR-KQR} 31. Qe4 {[%emt 0:01:00] Threatening mate with Rb8+.} Qd7 $2 (31... Rf8 32. Qxe5 Qc2) 32. Rb8+ Kf7 33. Rb7 Kg8 34. Qe3 $4 (34. Rxd7 {was the only winning move.} Rg5 35. h4 (35. Qxc4+ Kh7 36. Qd3+ Rg6 37. Rd6 e4 38. Qxe4 Kg8 39. Qe8+ Kh7 40. Qxg6+ Kh8 41. Rd8#) 35... h5 36. hxg5 h4 37. Rd8+ (37. Qxc4+ Kh7 38. Qf7 h3+ 39. Kxh3 Kh8 40. Qxg7#) 37... Kf7 38. Qf5+ Ke7 39. Qd7#) 34... Qa4 $2 ({Black should play} 34... Qxb7+ $19 35. Kf1 Qxb2) 35. Qe4 $40 {[%mdl 128] Black needs to defend precisely.} (35. Rb8+ $16 Rf8 36. Rxf8+ (36. Qxe5 Qc6+ 37. Kg1 Rxb8 $16) 36... Kxf8 37. Qxe5) 35... Rf7 $2 {[%emt 0:01:00][%mdl 8192] [#]} (35... Qd7 $11) 36. Rb6 $2 (36. Rb8+ {mates} Rf8 37. Qd5+ (37. Qxe5 Qc6+ 38. Kg1 Rxb8 $16) 37... Kh7 38. Rxf8 Qc2 39. Qg8+ (39. Qxc4 h5 $18) 39... Kg6 40. Qf7+ (40. Qxc4 h5 41. Qf7+ Kh6 42. h4 Qh7 43. Kh2 Qd3 44. Rh8+ Qh7 45. Qe6+ g6 46. Qf6 e4 47. Qf8#) (40. Qe6+ Kh7 41. Qe8 Qe4+ 42. Kh3 Qf5+ 43. Rxf5 a5 44. Rf8 g6 45. Rf7#) 40... Kh7 41. Qe8 (41. Qxc4 h5 $18) (41. Qg8+ Kg6 42. Qe6+ Kh7 43. Qe8 Qe4+ 44. Kh3 Qf5+ 45. Rxf5 e4 46. Rf8 g6 47. Rf7#)) 36... Rf8 37. Qxe5 Qd7 38. Qe4 (38. Rxa6 $2 Qb7+ 39. f3 Qxa6 $19) 38... Rf5 $2 (38... Qf7 39. Qe6 (39. Rxa6 Qxf2+ 40. Kh3 Qf1+ 41. Kg4 Qd1+ 42. Kh3 Qf1+ 43. Kg4 Qd1+ 44. Kh3 Qf1+ $11) 39... Qxe6 40. Rxe6 Rb8 41. Rxa6 Rxb2) 39. Rb8+ Rf8 $2 (39... Kh7 40. Rb4 (40. Qxc4 Rxf2+ 41. Kxf2 Qa7+ 42. Ke2 Qxb8 $18) 40... Kh8 41. Qxc4 (41. Rxc4 Rf8 $18) 41... Qd8) 40. Qxc4+ {White used his chance.   Weighted Error Value: White=0.62/Black=0.88.  Loses game:     	---       	Black=1      Mistake:       	White=5     	Black=7      Inaccurate:     	White=4     	Black=1      OK:         	White=8     	Black=6      Best:        	White=2     	Black=4      Strong:       	White=1     	---} 1-0

[Event "French-ch U12-U14 2024"]
[Site "Agen"]
[Date "2024.04.20"]
[Round "8.10"]
[White "Duquesne, Adrien"]
[Black "Savignon Schmidt, Maxime"]
[Result "1-0"]
[ECO "B53"]
[WhiteElo "2145"]
[BlackElo "1944"]
[Annotator "TA"]
[PlyCount "67"]
[EventDate "2024.04.14"]
[EventType "swiss"]
[EventCountry "FRA"]
[SourceTitle "playchess.com"]
[Source "ChessBase"]
[SourceQuality "1"]
[TimeControl "5400+30"]

1. e4 c5 2. Nf3 d6 3. d4 cxd4 4. Qxd4 Nc6 5. Bb5 Bd7 6. Bxc6 Bxc6 7. c4 Nf6 8. Nc3 g6 9. Bg5 Bg7 10. Qd3 Rc8 11. O-O O-O 12. Rac1 Nd7 13. b4 {[%emt 0:03:04] Repels Nc5} b6 14. h3 h6 15. Be3 Kh7 16. Nd2 Qc7 17. f4 a6 18. Rc2 Qb8 19. Rfc1 Bxc3 20. Rxc3 b5 21. a3 bxc4 22. Nxc4 Qa8 23. Nd2 Bb7 {[%emt 0:00:36] Black is weak on the dark squares} 24. Rc7 Nf6 (24... Nc5 $2 25. Rxc8 (25. bxc5 $2 Rxc7 26. f5 gxf5 $19) 25... Nxd3 26. Rxa8 Bxa8 27. Rc3 $16) (24... Qb8 $1 $11 25. R7c4 Rxc4 26. Nxc4 (26. Qxc4 Qa8 $11) 26... Qa8) 25. f5 $36 {[%emt 0:03:16][%mdl 2048] Strongly threatening fxg6+. White is more active.} gxf5 {[%emt 0:00:33] [#]} (25... g5 $14) 26. e5 ({Only move:} 26. Qf1 $1 $16 ) 26... Be4 {[%emt 0:00:32] [#]} (26... Ne4 $14) 27. Nxe4 $1 $16 (27. Rxc8 Rxc8 (27... Bxd3 $2 28. Rxa8 Rxa8 29. exf6 $18) 28. Rxc8 Qxc8 29. Nxe4 Nxe4 $11 (29... fxe4 $2 30. Qb3 $18)) 27... Nxe4 28. Rxe7 {[%emt 0:00:51] White has more active pieces.} Rxc1+ 29. Bxc1 dxe5 30. Qe3 (30. Rxe5 $16 Qd8 31. Qe3 (31. Qxa6 $2 {is the wrong capture.} Qd4+ 32. Kh1 Nf2+ 33. Kg1 Nxh3+ 34. Kh2 Qxe5+ $19)) 30... f4 (30... Qc6 $1 $11 {remains equal.} 31. Rxe5 Qg6) 31. Qb3 Kg8 (31... Ng5 $16) 32. Bb2 $2 (32. Rxe5 $18 Re8 33. Bxf4 (33. Rxe8+ Qxe8 34. Bxf4 Qc6 $18)) 32... Qd8 $11 ({Don't go for} 32... Nd2 $2 33. Qc3 f6 34. Qxd2 $18) 33. Rxe5 Qb6+ $1 34. Kh2 {[%emt 0:00:30][%mdl 32768] Weighted Error Value: White=0.33/Black=0.27 (precise) .  Missed win:     	White=1     	---        Mistake:       	White=2     	Black=5      Inaccurate:     	White=2     	Black=2      OK:         	White=7     	Black=9      Strong:       	White=1     	Black=1     . Sensor Board Error (Ke4/e5)?} 1-0

[Event "French-ch U12-U14 2024"]
[Site "Agen"]
[Date "2024.04.20"]
[Round "8.12"]
[White "Castagnerol, Cerise"]
[Black "Pauly, Juliette"]
[Result "1-0"]
[ECO "D34"]
[WhiteElo "1755"]
[BlackElo "1617"]
[Annotator "NA RC COMBH"]
[PlyCount "123"]
[EventDate "2024.04.14"]
[EventType "swiss"]
[EventCountry "FRA"]
[SourceTitle "playchess.com"]
[Source "ChessBase"]
[SourceQuality "1"]
[TimeControl "5400+30"]

1. d4 d5 2. c4 e6 3. Nf3 c5 4. cxd5 exd5 5. g3 Nc6 6. Bg2 Nf6 7. O-O c4 8. Nc3 Be7 9. Re1 O-O 10. Bf4 Be6 11. Ne5 Rc8 12. Nxc6 Rxc6 13. f3 Nh5 14. Be3 Qd7 15. Bf2 f5 16. e4 fxe4 17. fxe4 Bg4 18. Qc2 Rcf6 19. Be3 dxe4 20. Nxe4 Rg6 21. d5 b5 22. Rf1 Nf6 23. Nxf6+ Rgxf6 24. Bd4 R6f7 25. a4 Bf3 26. Bxf3 Rxf3 27. Rxf3 Rxf3 28. Qe4 Rf5 29. Qe6+ Qxe6 30. dxe6 Bc5 31. Bxc5 Rxc5 32. axb5 Rxb5 33. Rxa7 Kf8 34. Rf7+ Kg8 35. Rf2 Re5 36. Rc2 Re4 37. b3 Rxe6 38. bxc4 Rc6 39. Kf2 Kf7 40. Ke3 Ke6 41. Ke4 g6 42. c5 h6 43. Kd4 Kd7 44. Rf2 Re6 45. Kd5 Re7 46. Ra2 Kc8 47. Ra8+ Kb7 48. Rh8 h5 49. Rg8 Rd7+ 50. Ke6 Rd2 51. Rxg6 Rxh2 52. Kd7 Rc2 53. Rb6+ Ka7 54. Kc6 Rc3 55. Rb7+ Ka6 56. Rh7 Rxg3 57. Rxh5 Rc3 58. Kc7 Kb5 59. c6+ Ka6 60. Rh1 Kb5 61. Rb1+ Ka6 62. Ra1+ 1-0